 Dungeon Crawl Stone Soup version 0.17-a0-1399-gd5b76e1 (webtiles) character file.

49 Hanyuu the Insei (level 3, -1/23 HPs)
             Began as an Octopode Transmuter on June 18, 2015.
             Slain by an adder (3 damage)
             ... on level 2 of the Dungeon.
             The game lasted 00:01:59 (1114 turns).

Hanyuu the Insei (Octopode Transmuter)              Turns: 1114, Time: 00:02:01

Health: -1/23      AC:  1    Str:  9    XL:     3   Next: 75%
Magic:  1/6        EV: 12    Int: 16    God:
Gold:   38         SH:  0    Dex: 12    Spells: 3 memorised, 0 levels left

rFire  . . .     SeeInvis .       - Unarmed
rCold  . . .     Clarity  .     (no shield)
rNeg   . . .     SustAt   .     (helmet restricted)
rPois  .         Gourm    .     (no amulet)
rElec  .         Spirit   .     (no ring)
rCorr  .         Warding  .     j - ring of protection from magic
rMut   .         Stasis   .     (no ring)
MR     +....                    (no ring)
Stlth  ++........               (no ring)
                                (no ring)
                                (no ring)
                                (no ring)

@: lethally poisoned (-1 -> -11), very slightly contaminated, somewhat resistant
to hostile enchantments, unstealthy
A: almost no armour, amphibious, 8 rings, constrict 8, camouflage 1, gelatinous
body 1
a: no special abilities


You were on level 2 of the Dungeon.
You were hungry.

You visited 1 branch of the dungeon, and saw 2 of its levels.

You collected 38 gold pieces.

Inventory:

Missiles
 a - 35 arrows
Jewellery
 j - a ring of protection from magic (right tentacle)
Scrolls
 d - a scroll of recharging {unknown}
Potions
 g - a potion of resistance
Books
 b - a book of Changes

   Spells                             Type                      Level
   a - Beastly Appendage              Transmutation                1
   b - Sticks to Snakes               Transmutation                2
   c - Spider Form                    Transmutation/Poison         3
   d - Ice Form                       Ice/Transmutation            4
   e - Blade Hands                    Transmutation                5
Comestibles
 c - 3 bread rations
 i - a meat ration


   Skills:
 - Level 1.0 Fighting
 - Level 2.0 Dodging
 + Level 4.6 Unarmed Combat
 - Level 2.0 Spellcasting
 - Level 2.0 Transmutations


You couldn't memorise any spells.
You knew the following spells:

 Your Spells              Type           Power        Failure   Level  Hunger
a - Beastly Appendage     Trmt           #.....       10%         1    #......
b - Sticks to Snakes      Trmt           #.........   14%         2    ###....
c - Spider Form           Trmt/Pois      #.........   38%         3    ###....


Dungeon Overview and Level Annotations

Branches:
Dungeon (2/15)

Altars:


Innate Abilities, Weirdness & Mutations

You cannot wear most types of armour.
You are amphibious.
You can wear up to eight rings at the same time.
You can use your tentacles to constrict eight enemies at once.
Your skin changes colour to match your surroundings (Stealth).
Your rubbery body absorbs attacks (AC +1).


Message History

The adder is heavily wounded.
You feel sick. The adder misses you. The adder bites you but does no damage.
You hit the adder.
You kill the adder!
Your transformation has ended.
The adder bites you.
You are lethally poisoned!
The adder poisons you!
You miss the adder. Your grab misses the adder.
You feel sick. The adder barely misses you.
You barely miss the adder. Your grab misses the adder. You squeeze the adder.
The adder is moderately wounded.
You feel sick. The adder bites you.
You tentacle-slap the adder. Your grab misses the adder.
The adder is severely wounded.
* * * LOW HITPOINT WARNING * * *
You feel sick. The adder bites you.
* * * LOW HITPOINT WARNING * * *
The adder bites you.
You die...

#.........
....#..........[.
....#..#.........#.
......>+................
.....(. .........##.[...
....... #..?.#...##.....
.......##....#..<##.....
#.......................
#......@S......#.##.....
######.(.......#.#....รท.
#.........#.#......
##.###.....#.##.)...
...........#........
............##...####
.....................
............#.........
..........+.........


You could see an adder.

Vanquished Creatures
  3 adders (D:2)
  A ball python (D:2)
  3 bats
  3 goblins (D:1)
  3 hobgoblins
  2 giant geckos
  A giant newt (D:1)
  A kobold (D:2)
  2 rats (D:1)
19 creatures vanquished.

Notes
Turn   | Place    | Note
--------------------------------------------------------------
     0 | D:1      | Hanyuu the Octopode Transmuter began the quest for the Orb.
     0 | D:1      | Reached XP level 1. HP: 13/13 MP: 3/3
   246 | D:1      | Reached XP level 2. HP: 18/18 MP: 5/5
   591 | D:2      | Reached skill level 4 in Unarmed Combat
   591 | D:2      | Reached XP level 3. HP: 5/23 MP: 4/6
   614 | D:2      | Learned a level 2 spell: Sticks to Snakes
   618 | D:2      | Learned a level 3 spell: Spider Form
  1114 | D:2      | Slain by an adder

Vault maps used:
D:1:      roderic_octagonal_star
D:2:      overflow_temple_1_default, ecumenical_altar_1, first_bread,
          minmay_misc_feat_columns, minmay_misc_feat_roman

Action                   || total
-------------------------++-------
Melee: Unarmed           ||    53
 Cast: Beastly Appendage ||     2
       Spider Form       ||     1
  Use: Scroll            ||     4
       Potion            ||     1
 Stab: Sleeping          ||     4
